 Dungeon Crawl Stone Soup version 0.29-a0-819-g94b489e (webtiles) character file.

Game seed: 17144154621822394662

69153 Illumine the Severer (level 14, -8/135 HPs)
             Began as a Minotaur Fighter on July 6, 2022.
             Was the Champion of Makhleb.
             Mangled by a merfolk
             ... wielding a +0 glaive
             ... led by a merfolk impaler
              (15 damage)
             ... on level 3 of the Shoals.
             The game lasted 00:21:17 (15591 turns).

Illumine the Severer (Minotaur Fighter)            Turns: 15591, Time: 00:21:19

Health: -8/135     AC: 33    Str: 30    XL:     14   Next: 89%
Magic:  22/22      EV:  7    Int:  5    God:    Makhleb [******]
Gold:   1152       SH: 11    Dex: 12    Spells: 13/13 levels left

rFire   + + .      SeeInvis .   a - +4 war axe (vamp)
rCold   + . .      Faith    .   c - +0 buckler
rNeg    . . .      Spirit   .   A - +3 gold dragon scales
rPois   +          Reflect  +   q - +0 hat of Discretion {rF+ Regen+}
rElec   .          Harm     .   x - +0 cloak
rCorr   .          Rampage  ∞   (no gloves)
Will    +....                   W - +3 pair of seven-league boots {Rampage+∞}
Stlth   ..........              m - amulet of reflection
HPRegen 1.12/turn               l - +6 ring of strength
MPRegen 0.18/turn               P - +4 ring of protection

@: no status effects
A: horns 2, retaliatory headbutt
a: Renounce Religion, Minor Destruction, Lesser Servant of Makhleb, Major
Destruction, Greater Servant of Makhleb


You were on level 3 of the Shoals.
You worshipped Makhleb.
Makhleb was exalted by your worship.
You visited 3 branches of the dungeon, and saw 20 of its levels.
You also visited: Gauntlet.

You collected 1264 gold pieces.
You spent 112 gold pieces at shops.

Inventory:

Hand Weapons
 a - a +4 vampiric war axe (weapon)
 b - a +0 scimitar of flaming
 N - a +7 flail
Missiles
 g - 12 boomerangs (quivered)
 U - 6 javelins
Armour
 c - a +0 buckler (worn)
 q - the +0 hat of Discretion (worn) {rF+ Regen+}
   (You found it on level 6 of the Dungeon)

   rF:        It protects you from fire.
   Regen:     It increases your rate of health regeneration.
 x - a +0 cloak (worn)
 A - +3 gold dragon scales (worn)
 E - a +2 hat of see invisible
 W - the +3 pair of seven-league boots (worn) {Rampage+∞}
   (You found it in a Gauntlet)

   Its wearer moves as far as possible in that direction when moving towards
   enemies.
Jewellery
 l - a +6 ring of strength (left hand)
 m - an amulet of reflection (around neck)
 w - a ring of ice
 D - a ring of fire
 H - the ring of Esal {Fire Str+2 Dex+3}
   (You found it in a Gauntlet)

   [ring of fire]

   It enhances your fire magic.
   Str:       It affects your strength (+2).
   Dex:       It affects your dexterity (+3).
   rF:        It protects you from fire.
   rC:        It makes you vulnerable to cold.
 K - a ring of ice
 P - a +4 ring of protection (right hand)
 Q - a ring of positive energy
 S - a +6 ring of strength
Wands
 n - a wand of charming (19)
 z - a wand of polymorph (3)
 G - a wand of mindburst (5)
 M - a wand of flame (51)
 V - a wand of digging (8)
 Y - a wand of acid (8)
 Z - a wand of iceblast (4)
Scrolls
 k - 2 scrolls of amnesia {unknown}
 p - 3 scrolls of immolation
 u - a scroll of identify
 v - 4 scrolls of fear {unknown}
 y - 5 scrolls of vulnerability
 B - 7 scrolls of magic mapping
 I - a scroll of summoning {unknown}
 L - a scroll of acquirement {unknown}
 O - 4 scrolls of silence {unknown}
 R - 2 scrolls of teleportation {unknown}
 X - 4 scrolls of poison
Potions
 d - 3 potions of attraction
 e - 4 potions of curing
 f - 2 potions of heal wounds
 h - 2 potions of cancellation
 i - 7 potions of berserk rage
 j - 2 potions of haste {unknown}
 o - a potion of experience {unknown}
 r - 3 potions of magic
 t - 2 potions of mutation {unknown}
 C - 4 potions of lignification {unknown}
 F - 5 potions of flight
 T - a potion of resistance
Miscellaneous
 s - a phantom mirror
 J - a phial of floods


   Skills:
 + Level 15.2 Fighting
 - Level 16.0 Axes
 + Level 15.1 Armour
 - Level 2.0 Dodging
 + Level 8.9 Shields
 + Level 3.8 Unarmed Combat
 + Level 12.2 Invocations
 - Level 5.0 Evocations


You had 13 spell levels left.
You didn't know any spells.
Your spell library contained the following spells:

 Spells                   Type           Power      Damage    Failure   Level
 Apportation              Tloc           0%         N/A       100%        1
 Necrotise                Necr           0%         1d4       100%        1
 Summon Small Mammal      Summ           0%         N/A       100%        1
 Ensorcelled Hibernation  Hex/Ice        0%         N/A       100%        2
 Passwall                 Tmut/Erth      0%         N/A       100%        2
 Static Discharge         Conj/Air       0%         3-3/arc   100%        2
 Summon Guardian Golem    Hex/Summ       0%         N/A       100%        3
 Swiftness                Air            0%         N/A       100%        3
 Tukima's Dance           Hex            0%         N/A       100%        3
 Vampiric Draining        Necr           0%         2d6       100%        3
 Animate Dead             Necr           0%         N/A       100%        4
 Dispel Undead            Necr           0%         3d6       100%        4
 Sticky Flame             Conj/Fire      0%         2d3       100%        4
 Agony                    Necr           0%         N/A       100%        5
 Alistair's Intoxication  Tmut/Pois      0%         N/A       100%        5
 Lightning Bolt           Conj/Air       0%         1d11      100%        5
 Haunt                    Necr/Summ      0%         N/A       100%        7
 Infestation              Necr           0%         N/A       100%        8
 Maxwell's Capacitive Co  Air            0%         ∞         100%        8


Dungeon Overview and Level Annotations

Branches:
Dungeon (11/15)            Temple (0/1) D:7            Lair (6/6) D:11
 Shoals (3/4) Lair:2        Snake (0/4) Lair:2        Slime (0/5) Lair:5
Gauntlet (visited)
    Orc: D:9-12

Altars:
Cheibriados
Elyvilon
Hepliaklqana
Makhleb
Nemelex Xobeh
Okawaru
Ru
Uskayaw
Vehumet
Wu Jian
Xom
Yredelemnul
The Shining One
Jiyva

Shops:
D:9 !   Shoals:1 (

Annotations:
Lair:4 4 transporters, Illumine's ghost, journeyman MiFi


Innate Abilities, Weirdness & Mutations

You have a pair of horns on your head.
You reflexively headbutt those who attack you in melee.


Message History

The merfolk impaler hits you from afar with a +5 trident of flaming!
The merfolk impaler burns you.
The merfolk hits you but does no damage.
You block the merfolk's attack.
The merfolk impaler hits you from afar with a +5 trident of flaming!
The merfolk impaler burns you.
* * * LOW HITPOINT WARNING * * *
You slash the merfolk!
You feel better.
You headbutt the merfolk.
The merfolk is almost dead.
The merfolk siren chants its luring song.
The merfolk hits you from afar with a +0 glaive.
* * * LOW HITPOINT WARNING * * *
The merfolk hits you but does no damage.
The merfolk hits you from afar with a +0 halberd!
* * * LOW HITPOINT WARNING * * *
Your neqoxec barely misses the merfolk.
You block the merfolk impaler's attack.
A demon appears!
You block the merfolk impaler's attack.
The merfolk siren hits you but does no damage.
The merfolk throws a silver boomerang.
The silver boomerang barely misses you. The merfolk hits you with a +0 glaive.
* * * LOW HITPOINT WARNING * * *
Your neqoxec gestures at the merfolk.
The merfolk twists and deforms.
The merfolk hits you from afar with a +0 halberd.
* * * LOW HITPOINT WARNING * * *
Unknown command.
Your magical effects are unravelling.
You feel magically purged.
You break out of your daze.
You block the merfolk impaler's attack.
The merfolk siren chants a haunting song.
You resist.
The merfolk impaler hits you but does no damage.
The merfolk hits you from afar with a +0 glaive!
* * * LOW HITPOINT WARNING * * *
Your neqoxec barely misses the merfolk.
The merfolk hits you from afar with a +0 halberd.
* * * LOW HITPOINT WARNING * * *
The merfolk hits you with a +0 glaive!
You die...

≈≈≈≈≈≈≈≈≈≈≈≈≈≈≈≈≈≈≈ ≈≈≈
≈≈≈≈≈ .≈≈≈≈≈≈≈≈≈≈≈≈≈ ≈≈≈≈
≈≈≈≈.# .≈≈≈≈≈≈≈≈≈≈≈≈ ≈≈≈≈
≈≈≈≈..##.≈≈≈≈≈≈≈≈≈≈≈
≈≈≈≈≈≈≈≈........[≈≈≈≈≈≈≈≈
≈≈≈≈≈≈≈≈......m#..m≈≈...
≈≈≈≈≈≈. #.)3m))>≈≈≈#
≈≈≈≈≈.# #..m†@†≈≈.#
≈≈≈≈≈.# #).#m.†4).###..
≈≈≈≈≈.# ####.†≈≈≈......
≈≈≈≈≈.## ### ##.≈≈≈≈≈≈≈.≈
≈≈≈≈≈..####.###..≈≈≈≈≈≈≈≈≈
≈≈≈≈≈≈...#...##.≈≈≈≈≈≈≈≈≈≈
≈††≈≈≈≈........≈≈≈≈≈≈≈≈≈≈≈
≈≈≈≈≈≈≈≈≈≈≈≈..≈≈≈≈≈≈≈≈≈≈≈≈
≈≈≈≈≈≈≈≈≈≈≈≈≈≈≈≈≈≈≈≈≈≈≈≈≈≈


You could see a merfolk impaler, 3 merfolk, a merfolk siren, a friendly hellwing
(summoned) and a friendly neqoxec (summoned).

Vanquished Creatures
  Rupert (Lair:3)
  A minotaur (Gauntlet)
  3 hydras
  4 catoblepae
  A centaur warrior (D:10)
  2 two-headed ogres (D:11)
  Erica (Lair:2)
  A satyr (Shoals:3)
  15 death yaks
  2 sun demons (Shoals:1)
  Nergalle (Lair:4)
  6 sea snakes
  2 glowing orange brains (Gauntlet)
  A lindwurm (Lair:6)
  Pikel (D:7)
  An ugly thing (Gauntlet)
  5 harpies (Shoals:3)
  4 manticores
  15 elephants
  A cyclops (D:11)
  A merfolk siren (Shoals:3)
  Joseph (D:7)
  A black mamba (Lair:1)
  A water nymph (Shoals:1)
  2 torpor snails (Lair:5)
  An unseen horror (D:11)
  Maggie (D:8)
  8 cane toads
  A komodo dragon (Lair:5)
  4 rime drakes
  Prince Ribbit (D:8)
  Grinder (D:3)
  A hornet (D:11)
  2 trolls (D:11)
  A polar bear (Lair:6)
  4 wind drakes
  8 merfolk
  4 dream sheep (Lair:5)
  11 blink frogs
  A slime creature (Lair:5)
  4 snapping turtles
  8 flying skulls (Gauntlet)
  A shadow (D:11)
  9 wyverns
  5 water elementals
  A vampire (D:11)
  48 yaks
  5 vampire mosquitoes
  2 steam dragons
  Menkaure (D:7)
  Edmund (D:4)
  3 nagas (Lair:2)
  3 acid dragons
  15 water moccasins
  A black bear (D:5)
  An ice beast (D:8)
  5 orc warriors
  A sky beast (D:6)
  18 wolves
  An ogre (D:7)
  A centaur (D:5)
  2 phantoms
  2 kobold brigands
  7 bullfrogs
  2 necrophages (D:7)
  5 scorpions
  20 wights
  12 killer bees
  5 howler monkeys
  2 electric eels (Lair:1)
  A bullfrog zombie (D:6)
  4 jellies
  3 orc priests
  8 hounds
  4 iguanas
  7 orc wizards
  4 hell rats (Lair:3)
  A killer bee zombie (D:6)
  9 adders
  4 gnolls
  A shadow imp (D:6)
  2 white imps
  2 worms
  4 dart slugs
  41 orcs
  5 ball pythons
  5 endoplasms
  3 giant cockroaches
  11 goblins
  2 hobgoblins (D:1)
  4 jackals (D:2)
  18 kobolds
  5 quokkas
  3 bats
  3 frilled lizards
  2 rats (D:2)
  A bush (Lair:3)
471 creatures vanquished.

Vanquished Creatures (collateral kills)
  A faun (Shoals:1)
  A manticore (Shoals:1)
  A merfolk siren (Shoals:1)
  A water nymph (Shoals:1)
  2 merfolk
  A water elemental (Shoals:1)
7 creatures vanquished.

Vanquished Creatures (others)
  An orc wizard (D:9)
  10 fungi
  33 plants
  17 withered plants (Gauntlet)
61 creatures vanquished.

Grand Total: 539 creatures vanquished

Notes
Turn   | Place    | Note
-------+----------+-------------------------------------------
     0 | D:1      | Illumine the Minotaur Fighter began the quest for the Orb.
     0 | D:1      | Reached XP level 1. HP: 19/19 MP: 0/0
    16 | D:1      | Reached skill level 3 in Axes
    16 | D:1      | Reached XP level 2. HP: 16/27 MP: 1/1
   797 | D:1      | Reached XP level 3. HP: 33/33 MP: 2/2
  1577 | D:2      | Reached skill level 4 in Axes
  1716 | D:2      | Reached XP level 4. HP: 41/41 MP: 3/3
  2360 | D:3      | Found a faded altar of an unknown god.
  2397 | D:3      | Noticed Grinder
  2405 | D:3      | Paralysed by Grinder for 5 turns
  2421 | D:3      | Killed Grinder
  2422 | D:3      | Reached skill level 5 in Fighting
  2422 | D:3      | Reached skill level 5 in Axes
  2422 | D:3      | Reached XP level 5. HP: 19/48 MP: 4/4
  2422 | D:3      | Reached XP level 6. HP: 23/56 MP: 5/5
  2640 | D:3      | Found a burning altar of Makhleb.
  2721 | D:3      | Found a glowing golden altar of the Shining One.
  2752 | D:3      | Became a worshipper of Makhleb the Destroyer
  3256 | D:4      | Found a radiant altar of Vehumet.
  3295 | D:4      | Reached skill level 6 in Axes
  3295 | D:4      | Reached skill level 5 in Armour
  3413 | D:4      | Noticed Edmund
  3434 | D:4      | Killed Edmund
  3435 | D:4      | Reached skill level 1 in Dodging
  3435 | D:4      | Reached skill level 1 in Invocations
  3435 | D:4      | Reached XP level 7. HP: 19/54 MP: 6/6
  3975 | D:4      | Reached * piety under Makhleb
  4156 | D:4      | Found a white marble altar of Elyvilon.
  4366 | D:5      | Entered Level 5 of the Dungeon
  4394 | D:5      | Reached skill level 7 in Axes
  4605 | D:5      | Reached XP level 8. HP: 70/70 MP: 8/8
  5052 | D:5      | Found a shimmering altar of Xom.
  5253 | D:6      | Reached skill level 8 in Axes
  5294 | D:6      | Identified the +0 hat of Discretion {rF+ Regen+}
  5380 | D:6      | Found a hazy altar of Hepliaklqana.
  5409 | D:6      | Found a hide-covered altar of Uskayaw.
  5485 | D:6      | Reached ** piety under Makhleb
  5635 | D:6      | Reached skill level 9 in Axes
  5639 | D:6      | Found a basalt altar of Yredelemnul.
  5800 | D:7      | Noticed Joseph
  5812 | D:7      | Killed Joseph
  5813 | D:7      | Reached XP level 9. HP: 44/79 MP: 9/11
  5918 | D:7      | Found a staircase to the Ecumenical Temple.
  6095 | D:7      | Found an ornate altar of the Wu Jian Council.
  6105 | D:7      | Noticed Pikel
  6109 | D:7      | Killed Pikel
  6110 | D:7      | Reached skill level 10 in Axes
  6140 | D:7      | Reached skill level 5 in Invocations
  6171 | D:7      | Found an iron altar of Okawaru.
  6417 | D:7      | Found a sparkling altar of Nemelex Xobeh.
  6487 | D:7      | Noticed Menkaure
  6493 | D:7      | Killed Menkaure
  6494 | D:7      | Reached skill level 11 in Axes
  6640 | D:8      | Reached XP level 10. HP: 22/90 MP: 11/13
  6782 | D:8      | Reached *** piety under Makhleb
  6854 | D:8      | Reached skill level 12 in Axes
  6919 | D:8      | Noticed Prince Ribbit
  6954 | D:8      | Killed Prince Ribbit
  7298 | D:8      | Noticed Maggie
  7309 | D:8      | Killed Maggie
  7528 | D:9      | Reached **** piety under Makhleb
  7603 | D:9      | Found Agootaoge's Distillery.
  7611 | D:9      | Bought a potion of invisibility for 112 gold pieces
  7741 | D:9      | Reached skill level 13 in Axes
  7960 | D:10     | Entered Level 10 of the Dungeon
  8151 | D:10     | Reached XP level 11. HP: 99/99 MP: 15/15
  8155 | D:10     | Reached skill level 10 in Fighting
  8361 | D:10     | Noticed a centaur warrior
  8387 | D:10     | Killed a centaur warrior
  8388 | D:10     | Reached skill level 10 in Armour
  8648 | D:11     | Noticed a two-headed ogre
  8669 | D:11     | Killed a two-headed ogre
  8735 | D:11     | Reached skill level 14 in Axes
  8757 | D:11     | Found a staircase to the Lair.
  8828 | D:11     | Noticed a two-headed ogre
  8839 | D:11     | Killed a two-headed ogre
  8945 | D:11     | Found a sacrificial altar of Ru.
  9043 | D:11     | Reached ***** piety under Makhleb
  9345 | Lair:1   | Entered Level 1 of the Lair of Beasts
  9643 | Lair:1   | Reached XP level 12. HP: 103/110 MP: 17/17
  9644 | Lair:1   | Reached skill level 15 in Axes
 10015 | Lair:2   | Identified the +2 leather armour of Mogu {rF+}
 10023 | Lair:2   | Noticed Erica
 10030 | Lair:2   | Killed Erica
 10188 | Lair:2   | Found a staircase to the Snake Pit.
 10320 | Lair:2   | Noticed a five-headed hydra
 10332 | Lair:2   | Killed a one-headed hydra
 10634 | Lair:2   | Found a staircase to the Shoals.
 10756 | Lair:3   | Found a gate leading to a gauntlet.
 10763 | Gauntlet | Entered a Gauntlet
 10763 | Gauntlet | Found a transporter.
 10763 | Gauntlet | Found a transporter.
 10764 | Gauntlet | Found a transporter.
 10768 | Gauntlet | Found a transporter.
 10777 | Gauntlet | Found a transporter.
 10785 | Gauntlet | Found a transporter.
 10813 | Gauntlet | Found a transporter.
 10821 | Gauntlet | Found a transporter.
 10840 | Gauntlet | Found a transporter.
 10848 | Gauntlet | Found a transporter.
 10865 | Gauntlet | Found a transporter.
 10922 | Gauntlet | Found a transporter.
 10924 | Gauntlet | Identified the ring of Esal {Fire Str+2 Dex+3}
 10990 | Gauntlet | Reached skill level 16 in Axes
 11071 | Gauntlet | Identified the +1 rapier "Vadiusij" {flame, Str+7}
 11071 | Gauntlet | Noticed a minotaur
 11071 | Gauntlet | Found the +3 pair of seven-league boots {Rampage+∞}
 11078 | Gauntlet | Killed a minotaur
 11083 | Gauntlet | Got the Almanac of Fey Despicable Deeds
 11188 | Lair:3   | Noticed Rupert
 11205 | Lair:3   | Killed Rupert
 11206 | Lair:3   | Reached skill level 10 in Invocations
 11206 | Lair:3   | Reached XP level 13. HP: 84/119 MP: 19/19
 12048 | Lair:4   | Found a snail-covered altar of Cheibriados.
 12102 | Lair:4   | Found a transporter.
 12203 | Lair:4   | Noticed Nergalle
 12213 | Lair:4   | Killed Nergalle
 12475 | Lair:4   | Found a transporter.
 12475 | Lair:4   | Noticed Illumine's ghost (journeyman MiFi)
 12501 | Lair:4   | Found a transporter.
 12539 | Lair:4   | Found a transporter.
 12777 | Lair:5   | Reached skill level 1 in Evocations
 13007 | Lair:5   | Reached skill level 5 in Shields
 13045 | Lair:5   | Found a staircase to the Slime Pits.
 13046 | Lair:5   | Found a viscous altar of Jiyva.
 13136 | Lair:5   | Identified the +9 trident "Wefeor" {protect, *Slow rC+
                  | Will+ Int+2}
 13389 | Lair:5   | Reached ****** piety under Makhleb
 13731 | Lair:6   | Entered Level 6 of the Lair of Beasts
 14181 | Lair:6   | Reached XP level 14. HP: 132/132 MP: 21/21
 14911 | Shoals:1 | Entered Level 1 of the Shoals
 14951 | Shoals:1 | HP: 2/133 [faun/sling bullet (6)]
 14970 | Shoals:1 | Reached skill level 5 in Evocations
 15117 | Shoals:1 | Reached skill level 1 in Unarmed Combat
 15160 | Shoals:1 | Found Laigall's Weapon Emporium.
 15532 | Shoals:3 | Reached skill level 15 in Fighting
 15541 | Shoals:3 | Reached skill level 15 in Armour
 15591 | Shoals:3 | Mangled by a merfolk

Illustrated notes

Levels and vault maps discovered:
D:1:      dpeg_arrival_houses_and_road, layout_basic
D:2:      layout_loops_corners
D:3:      layout_basic, bloody_makhleb, mainiacjoe_overflow_brackets,
          hellmonk_ecumenical_altar_crossroads, eino_curves_01, minivault_19,
          supply_closet_lemuel, uniq_grinder
D:4:      layout_loops_cross, nicolae_overflow_hidden_temple,
          mainiacjoe_overflow_tiny_flanked, uniq_edmund
D:5:      layout_loops_ring, xom_teletrap_fun
D:6:      layout_rooms, eat_drink_and_be_merry_uskayaw,
          lemuel_zombie_altar_yredelemnul, general_overflow_altar
D:7:      layout_basic, kennysheep_little_box, mainiacjoe_overflow_alcove_2,
          okawaru_ov_weapons_minmay, minmay_temple_entry_mini_moons, uniq_pikel,
          uniq_joseph, uniq_menkaure
D:8:      layout_basic, serial_glass, glass_columns_b, glass_columns_a,
          grunt_ministairs_2, uniq_maggie, uniq_prince_ribbit1
D:9:      layout_irregular_city, serial_shops, shop
D:10:     layout_gridville
D:11:     layout_gridville, minmay_lair_entry_grove, hangedman_ru_absence
Lair:1:   layout_regular_city, serial_bayou_lake_a, serial_bayou_shore_a
Lair:2:   layout_misc_corridors, minmay_shoals_entry_hut,
          minmay_snake_entry_guardpost_small, uniq_erica
Lair:3:   layout_layer_cave, gauntlet_entry_generic, uniq_rupert
Lair:4:   gammafunk_cloud_chamber, layout_loops_ring, basic_altar,
          gammafunk_ghost_arena, uniq_nergalle
Lair:5:   layout_cave_pods, minmay_slime_entry_pillars, grunt_megastairs_5,
          lemuel_fruit_tree
Lair:6:   evilmike_catoblepas_cave, layout_small_grid
Shoals:1: layout_shoals, serial_shops, nicolae_shop_bloodbath_and_beyond,
          nicolae_shoals_sun_and_surf
Shoals:2: layout_shoals, uniq_ilsuiw
Shoals:3: layout_shoals

Skill      XL: |  1  2  3  4  5  6  7  8  9 10 11 12 13 14 |
---------------+-------------------------------------------+-----
Axes           | 3 4 5 6 7 9 11 13 14 16 | 16.0
Fighting       | 4 5 6 7 8 9 11 12 14 15 | 15.2
Shields        | 4 6 8 |  8.9
Armour         | 4 5 7 8 9 11 12 14 15 | 15.1
Dodging        | 1 2 |  2.0
Invocations    | 1 2 4 5 6 8 10 11 12 | 12.2
Evocations     | 3 5 |  5.0
Unarmed Combat | 3 |  3.8

Action                   |  1- 3 |  4- 6 |  7- 9 | 10-12 | 13-15 || total
-------------------------+-------+-------+-------+-------+-------++-------
Melee: War axe           |    84 |    96 |   239 |   585 |   586 ||  1590
       Headbutt          |     9 |    11 |    41 |   119 |   179 ||   359
       Scimitar          |       |       |       |     8 |    14 ||    22
Throw: Boomerang         |       |       |       |       |     3 ||     3
Invok: Lesser Servant of |       |       |       |     1 |     5 ||     6
Evoke: Wand              |       |       |       |     2 |       ||     2
  Use: Potion            |       |     3 |       |    10 |     4 ||    17
       Scroll            |       |       |     6 |     8 |     7 ||    21
 Stab: Invisible         |       |       |       |     4 |       ||     4
       Distracted        |       |       |       |     1 |     1 ||     2
Armor: Scale mail        |    12 |       |       |       |       ||    12
       Chain mail        |    34 |    35 |       |       |       ||    69
       Plate armour      |       |    19 |   127 |   283 |    56 ||   485
       Gold dragon scale |       |       |       |       |   357 ||   357
Dodge: Dodged            |    31 |    27 |    73 |   200 |   178 ||   509
Block: Buckler           |    19 |    20 |   105 |   308 |   310 ||   762
       Reflection        |       |       |     7 |     2 |     8 ||    17

Table legend: (Time is in decaauts)
 A = Elapsed time spent in this place.
 B = Non-inter-level travel time spent in this place.
 C = Inter-level travel time spent in this place.
 D = Time resting spent in this place.
 E = Time spent auto-exploring this place.
 F = Levels seen in this place.
 G = Mean time per level.
                   A        B        C        D        E       F      G
               +--------+--------+--------+--------+--------+-----+--------+
         Total |  15499 |  14908 |    591 |    284 |  11437 |  21 |  738.0 |
       Dungeon |   9389 |   9025 |    364 |    123 |   7187 |  11 |  853.5 |
          Lair |   5156 |   4936 |    220 |      0 |   4065 |   6 |  859.3 |
        Shoals |    644 |    638 |      6 |    161 |    173 |   3 |  214.7 |
      Gauntlet |    309 |    309 |      0 |      0 |     11 |   1 |  309.0 |
               +--------+--------+--------+--------+--------+-----+--------+

Top non-repeatable levels by time:
     D:2: 1233 daAuts
     D:4: 1128 daAuts
     D:1: 1084 daAuts
  Lair:6: 1076 daAuts
     D:3: 986 daAuts
  Lair:5: 964 daAuts
     D:7: 960 daAuts
     D:5: 885 daAuts
  Lair:3: 858 daAuts
  Lair:4: 803 daAuts
  Lair:2: 768 daAuts
    D:11: 731 daAuts
  Lair:1: 685 daAuts
    D:10: 628 daAuts
     D:8: 621 daAuts
